Map: Triton LE

Players

IIIIIIII - Winner!

  • Race: Terran Terran
  • League: Master
  • Spawn Location: 5:00

Mez

  • Race: Terran Terran
  • League: Master
  • Spawn Location: 11:00

VOD

Have the link to the VOD?

Description

Time

  • Played on: Sept. 9, 2019, 4:01 p.m.
  • Length: 5:26
Show
View Real Time Build Order
Export as new Build Order

IIIIIIII Terran - Winner!

Build Orders: 1/1/1, Cyclone Opening 

Get SALT Encoding   

  12  0:00  SCV  
  13  0:12  SCV  
  14  0:17  Supply Depot  
  14  0:25  SCV  
  14  0:27  Refinery  
  15  0:38  SCV  
  16  0:45  Barracks  
  16  0:50  SCV  
  16  0:56  Refinery  
  17  1:03  SCV  
  18  1:15  SCV  
  19  1:31  Orbital Command  
  19  1:33  Reaper  
  19  1:38  Factory  
  20  1:48  Supply Depot  
  20  1:58  SCV  
  21  2:06  Barracks Tech Lab  
  21  2:11  SCV  
  22  2:23  SCV  
  22  2:26  Starport  
  22  2:29  Cyclone  
  26  2:36  Mag-Field Accelerator  
  26  2:40  SCV  
  27  2:45  Supply Depot  
  27  2:50  Liberator  
  31  3:12  SCV  
  31  3:20  Command Center  
  31  3:29  SCV  
  31  3:34  Cyclone  
  35  3:36  Supply Depot  
  35  3:41  SCV  
  35  3:47  Refinery  
  36  3:50  Refinery  
  36  3:53  SCV  
  37  3:57  Starport Tech Lab  
  37  4:06  Cyclone, SCV  
  41  4:16  Supply Depot  
  41  4:18  SCV  
  41  4:26  Raven  
  41  4:30  SCV  
  42  4:42  SCV, Orbital Command  
  42  4:54  SCV  
  42  4:57  Fusion Core  
  43  5:06  SCV  
  43  5:26  Supply Depot  
Show
View Real Time Build Order
Export as new Build Order

Mez Terran 

Build Orders: Gas First Reaper Expand 

Get SALT Encoding   

  12  0:01  SCV  
  13  0:13  SCV  
  14  0:20  Supply Depot  
  14  0:25  SCV  
  14  0:27  Refinery  
  15  0:41  SCV  
  16  0:46  Barracks  
  16  0:53  SCV  
  17  1:05  SCV  
  18  1:18  SCV  
  19  1:33  Reaper  
  19  1:34  Orbital Command  
  20  1:48  Command Center  
  20  2:04  Factory  
  20  2:08  SCV  
  21  2:13  Barracks Reactor  
  20  2:15  Refinery  
  20  2:20  SCV  
  21  2:32  SCV  
  21  2:50  Marine x2, Factory Tech Lab  
  23  2:52  Bunker  
  21  3:04  SCV  
  22  3:10  Starport  
  22  3:14  Marine x2  
  22  3:15  Cyclone  
  22  3:17  SCV  
  28  3:30  Orbital Command  
  28  3:35  Marine  
  28  3:36  Marine  
  30  3:41  SCV  
  31  3:53  SCV  
  32  3:55  Refinery  
  32  3:59  Raven  
  32  4:02  Factory Tech Lab  
  34  4:32  Supply Depot  
  34  4:35  Supply Depot  
  34  4:37  Supply Depot  
  33  4:54  Siege Tank, SCV x2  
  33  4:56  Marine  
  39  5:06  SCV  
Tags
 
Add a new tag
Caveats
  • Supply blocks, unpowered buildings, or Contaminate may cause inaccurate times.
  • Supply counts are checked every 10 seconds.